 Dungeon Crawl Stone Soup version 0.31-a0-177-g4aa6249778 (webtiles) character file.

Game seed: 2456636647981770720

308 qw the Shooter (level 6, -4/56 HPs)
             Began as a Naga Hunter on June 18, 2023.
             Killed by divine providence
             ... invoked by an orc priest
              (11 damage)
             ... on level 3 of the Dungeon.
             The game lasted 00:00:52 (2407 turns).

qw the Shooter (Naga Hunter)                        Turns: 2407, Time: 00:00:53

Health: -4/56      AC: 15    Str: 13    XL:     6   Next: 40%
Magic:  6/6        EV:  8    Int: 10    God:
Gold:   240        SH:  0    Dex: 16    Spells: 5/5 levels left

rFire   + + .        Y - +0 shortbow
rCold   . . .        (shield currently unavailable)
rNeg    . . .        b - +2 robe {rF+}
rPois   +            (no helmet)
rElec   .            (no cloak)
rCorr   .            (no gloves)
SInv    +            e - +2 barding {rF+}
Will    .....        (no amulet)
Stlth   ++           f - +4 ring of protection
HPRegen 0.29/turn    (no ring)
MPRegen 0.10/turn

%: no passive effects
@: short of breath, very slow
A: AC +2, large, see invisible, deformed body, poison resistance, slowness 2,
spit poison 1, naga tail 1
a: Spit Poison


You were on level 3 of the Dungeon.
You visited 1 branch of the dungeon, and saw 4 of its levels.

You collected 240 gold pieces.


Innate Abilities, Weirdness & Mutations

Your serpentine skin is tough. (AC +2)
You have supernaturally acute eyesight. (SInv)
Armour fits poorly on your strangely shaped body.
Your system is resistant to poisons. (rPois)
You cover ground very slowly.
You can spit poison.
You have a snake-like lower body.


   Skills:
 - Level 3.2 Fighting
 - Level 6.4 Ranged Weapons
 + Level 0.0 Armour
 - Level 1.5 Dodging
 - Level 1.5 Stealth


You had 5 spell levels left.
You didn't know any spells.
Your spell library was empty.

Inventory:

Hand Weapons
 Y - a +0 shortbow (weapon)
Armour
 b - a +2 robe of fire resistance (worn)
 d - a +1 robe of willpower
 e - a +2 barding of fire resistance (worn)
Jewellery
 f - a +4 ring of protection (left hand)
Scrolls
 a - a scroll of identify
Potions
 h - a potion of enlightenment {unknown}
 j - a potion of cancellation {unknown}

Dungeon Overview and Level Annotations

Branches:
Dungeon (4/15)
 Temple: D:4-7

Altars:
Gozag
Ru
Zin


Message History

The hobgoblin completely misses you.
The orc wizard points at you and mumbles some strange words.
You easily resist.
The orc wizard mumbles some strange words.
The orc wizard flickers and vanishes for a moment.
You shoot an arrow. The arrow hits the orc wizard.
The orc wizard is severely wounded.
The orc priest looks satisfied for a moment.
The hobgoblin hits you but does no damage.
The orc wizard gestures at you while chanting.
The magic dart hits you!
The orc wizard hits you but does no damage.
The orc wizard hits you with a +0 dagger.
The orc wizard hits you but does no damage.
The hobgoblin hits you but does no damage.
The orc priest invokes the aid of Beogh against you.
Beogh smites you!
You shoot an arrow. The arrow hits the orc wizard!
You kill the orc wizard!
The hobgoblin hits you but does no damage.
The orc priest calls down the wrath of Beogh upon you.
Pain shoots through your body!
The orc wizard hits you but does no damage.
Your Fighting skill increases to level 3!
You shoot an arrow. The arrow hits the orc priest.
The orc priest is moderately wounded.
The orc wizard hits you but does no damage.
The orc priest begins to cast a cantrip, but forgets the words!
The hobgoblin hits you but does no damage.
You shoot an arrow. The arrow hits the orc priest.
The orc priest is moderately wounded.
The hobgoblin hits you but does no damage.
The orc priest looks satisfied for a moment.
The orc wizard hits you but does no damage.
You shoot an arrow.
The arrow closely misses the orc priest.
The hobgoblin hits you but does no damage.
The orc priest mumbles some strange prayers to Beogh against you.
Beogh smites you!
You die...

?...#
#..##..............##.##..#
....#
##.##......................
....#
#.##...............##.....
.####
#.##.#..7._.77.#...#.#....
##
#..#####7777.#####.#......
##.##..#######.# #.#..#...
#..#.##..#....# #.#....##
##....[.o..#### #.##.#.# #.
##..)..g@)## #....#.# ##
###..###.##o### ######.##
.# ###...## #.##...# #...
.. #...### #.####.# ####...
.. #.### #.#....# #.....#
~# ##)# #.#.#### #.##### #
#..# #...# #.# ####.##
##### #.# .....# #.####


You could see an orc priest, an orc wizard (invisible) and a hobgoblin.

Vanquished Creatures
  Sigmund (D:2)
  Jessica (D:2)
  An orc wizard (D:3)
  3 adders
  2 gnolls (D:2)
  A dart slug (D:1)
  2 orcs
  2 endoplasms (D:3)
  A giant cockroach (D:1)
  3 goblins
  7 hobgoblins
  6 quokkas
  2 ball pythons
  2 bats
  3 frilled lizards
  A kobold (D:2)
  5 rats
43 creatures vanquished.

Notes
Turn   | Place    | Note
-------+----------+-------------------------------------------
     0 | D:1      | qw the Naga Hunter began the quest for the Orb.
     0 | D:1      | Reached XP level 1. HP: 19/19 MP: 1/1
     0 | D:1      | 0 ||| qw: Version: 0.3-a-7-ge0c9b40
     0 | D:1      | 0 ||| qw: Game counter: 758
     0 | D:1      | 0 ||| qw: Always use a shield: true
     0 | D:1      | 0 ||| qw: God list: Okawaru
     0 | D:1      | 0 ||| qw: Allow faded altars: false
     0 | D:1      | 0 ||| qw: Do Orc after D:15 true
     0 | D:1      | 0 ||| qw: Do second Lair branch before Depths: true
     0 | D:1      | 0 ||| qw: Lair rune preference: random
     0 | D:1      | 0 ||| qw: Plans: Normal
     0 | D:1      | 0 ||| PLANNING D:1-11
   172 | D:1      | 172 ||| INVOKING Spit Poison.
   206 | D:1      | 206 ||| INVOKING Spit Poison.
   211 | D:1      | 211 ||| INVOKING Spit Poison.
   344 | D:1      | 344 ||| INVOKING Spit Poison.
   396 | D:1      | Found a faded altar of an unknown god.
   476 | D:1      | 476 ||| INVOKING Spit Poison.
   477 | D:1      | Reached skill level 4 in Ranged Weapons
   477 | D:1      | Reached XP level 2. HP: 26/26 MP: 2/2
   574 | D:1      | 574 ||| INVOKING Spit Poison.
   669 | D:1      | 669 ||| UPGRADING to +2 barding of fire resistance.
   674 | D:1      | 674 ||| UPGRADING to +4 ring of protection.
   675 | D:1      | 675 ||| READING scroll labelled XASURE YGEYSHRU.
   676 | D:1      | 676 ||| READING scroll labelled ETERIFEQIRR.
   677 | D:1      | 677 ||| READING scroll labelled JIBOITZ UT TIK.
   678 | D:1      | 678 ||| DRINKING 2 fuming brown potions.
   679 | D:1      | 679 ||| DROPPING scroll of butterflies.
   680 | D:1      | 680 ||| DROPPING potion of degeneration.
   762 | D:2      | 762 ||| INVOKING Spit Poison.
   782 | D:2      | 782 ||| INVOKING Spit Poison.
   787 | D:2      | 787 ||| INVOKING Spit Poison.
   792 | D:2      | 792 ||| INVOKING Spit Poison.
   836 | D:2      | 836 ||| INVOKING Spit Poison.
   862 | D:2      | 862 ||| INVOKING Spit Poison.
   866 | D:2      | 866 ||| INVOKING Spit Poison.
   887 | D:2      | 887 ||| INVOKING Spit Poison.
   888 | D:2      | Reached XP level 3. HP: 32/32 MP: 3/3
   923 | D:2      | 923 ||| INVOKING Spit Poison.
   983 | D:2      | 983 ||| INVOKING Spit Poison.
  1109 | D:2      | 1109 ||| INVOKING Spit Poison.
  1133 | D:2      | 1133 ||| READING scroll labelled FIOCED LUWKI.
  1136 | D:2      | 1136 ||| INVOKING Spit Poison.
  1144 | D:2      | 1144 ||| INVOKING Spit Poison.
  1149 | D:2      | 1149 ||| INVOKING Spit Poison.
  1208 | D:2      | 1208 ||| INVOKING Spit Poison.
  1213 | D:2      | 1213 ||| INVOKING Spit Poison.
  1247 | D:2      | Noticed Sigmund
  1251 | D:2      | 1251 ||| INVOKING Spit Poison.
  1254 | D:2      | 1254 ||| INVOKING Spit Poison.
  1260 | D:2      | 1260 ||| INVOKING Spit Poison.
  1266 | D:2      | 1266 ||| INVOKING Spit Poison.
  1270 | D:2      | 1270 ||| INVOKING Spit Poison.
  1275 | D:2      | 1275 ||| INVOKING Spit Poison.
  1282 | D:2      | 1282 ||| INVOKING Spit Poison.
  1287 | D:2      | 1287 ||| INVOKING Spit Poison.
  1291 | D:2      | Killed Sigmund
  1292 | D:2      | Reached skill level 6 in Ranged Weapons
  1292 | D:2      | Reached XP level 4. HP: 15/39 MP: 4/4
  1292 | D:2      | Reached XP level 5. HP: 17/45 MP: 5/5
  1292 | D:2      | Reached XP level 6. HP: 20/52 MP: 6/6
  1450 | D:2      | Noticed Jessica
  1452 | D:2      | 1452 ||| INVOKING Spit Poison.
  1457 | D:2      | 1457 ||| INVOKING Spit Poison.
  1457 | D:2      | Killed Jessica
  1492 | D:2      | 1492 ||| INVOKING Spit Poison.
  1734 | D:2      | 1734 ||| UPGRADING to +2 robe of fire resistance.
  1744 | D:2      | 1744 ||| DROPPING +0 leather armour.
  1745 | D:2      | 1745 ||| READING scroll labelled ONELAR EKHARE.
  1746 | D:2      | 1746 ||| READING scroll labelled TUQUURCH XOOC.
  1789 | D:3      | 1789 ||| INVOKING Spit Poison.
  1867 | D:3      | Found an opulent altar of Gozag.
  1876 | D:3      | 1876 ||| INVOKING Spit Poison.
  1881 | D:3      | 1881 ||| INVOKING Spit Poison.
  1939 | D:3      | 1939 ||| INVOKING Spit Poison.
  1976 | D:3      | 1976 ||| INVOKING Spit Poison.
  1980 | D:3      | 1980 ||| INVOKING Spit Poison.
  1988 | D:3      | 1988 ||| INVOKING Spit Poison.
  2001 | D:3      | Found a glowing silver altar of Zin.
  2132 | D:3      | 2132 ||| INVOKING Spit Poison.
  2207 | D:3      | Found a sacrificial altar of Ru.
  2242 | D:3      | 2242 ||| INVOKING Spit Poison.
  2336 | D:3      | 2336 ||| READING 3 scrolls labelled ALYPLEO XAUGGI.
  2337 | D:3      | 2337 ||| DRINKING 2 viscous cyan potions.
  2338 | D:3      | 2338 ||| DRINKING 2 puce potions.
  2359 | D:3      | 2359 ||| DROPPING potion of brilliance.
  2360 | D:3      | 2360 ||| DROPPING potion of lignification.
  2361 | D:3      | 2361 ||| DROPPING 2 scrolls of fear.
  2385 | D:4      | 2385 ||| INVOKING Spit Poison.
  2388 | D:4      | 2388 ||| INVOKING Spit Poison.
  2391 | D:4      | 2391 ||| STAIRDANCE
  2393 | D:3      | 2393 ||| INVOKING Spit Poison.
  2397 | D:3      | 2397 ||| INVOKING Spit Poison.
  2402 | D:3      | 2402 ||| INVOKING Spit Poison.
  2403 | D:3      | HP: 11/55 [orc priest/divine providence (10)]
  2405 | D:3      | Reached skill level 3 in Fighting
  2407 | D:3      | Killed from afar by an orc priest

Levels and vault maps discovered:
D:1:      minmay_arrival_jagged, layout_loops_ring, basic_ecumenical_altar
D:2:      wad_woods_tower, layout_basic, uniq_jessica, uniq_sigmund
D:3:      layout_basic, mainiacjoe_overflow_alcove_4, tgw_xom, zin_academy,
          grunt_gozag_statues
D:4:      layout_rooms, elyvilon_altar_5, lemuel_coloured_pillars_altar,
          marbit_many_paths

Skill      XL: |  1  2  3  4  5  6 |
---------------+-------------------+-----
Ranged Weapons | 4 6 |  6.4
Fighting       | 3 |  3.2
Dodging        | |  1.5
Stealth        | |  1.5

Action                     |  1- 3 |  4- 6 || total
---------------------------+-------+-------++-------
   Fire: Shortbow          |    72 |    45 ||   117
Ability: Spit Poison       |    30 |    17 ||    47
    Use: Scroll            |     4 |     3 ||     7
         Potion            |     1 |     2 ||     3
 Armour: Leather armour    |    32 |       ||    32
         Robe              |       |    38 ||    38
  Dodge: Dodged            |    31 |    25 ||    56

Table legend:
 A = Non-vault XP
 B = Vault XP
 C = Vault XP percentage of total XP
 D = Non-vault monster count
 E = Vault monster count
 F = Vault count percentage of total count
                 A         B        C        D         E       F
            +---------+---------+-------+---------+---------+-------
      Total |     126 |     315 |  71.4 |      35 |       8 |  18.6
            +---------+---------+-------+---------+---------+-------
        D:1 |      12 |       0 |   0.0 |       7 |       0 |   0.0
        D:2 |      32 |     315 |  90.8 |      13 |       8 |  38.1
        D:3 |      79 |       0 |   0.0 |      14 |       0 |   0.0
        D:4 |       3 |       0 |   0.0 |       1 |       0 |   0.0
            +---------+---------+-------+---------+---------+-------
